 Dungeon Crawl Stone Soup version 0.26.0-10-g1f06aea511 (webtiles) character file.

Game seed: 3546807377511308253

8 Dracia the Ducker (level 2, 22/22 HPs)
             Began as a Demonspawn Gladiator on Jan 23, 2021.
             Got out of the dungeon alive.
             The game lasted 00:00:38 (297 turns).

Dracia the Ducker (Demonspawn Gladiator)             Turns: 297, Time: 00:00:39

Health: 22/22      AC:  4    Str: 14    XL:     2   Next: 0%
Magic:  2/2        EV: 13    Int:  9    God:
Gold:   11         SH:  0    Dex: 14    Spells: 1/1 levels left

rFire    . . .     SeeInvis .   a - +0 quarterstaff
rCold    . . .     Faith    .   (shield currently unavailable)
rNeg     . . .     Spirit   .   b - +0 leather armour
rPois    .         Reflect  .   c - +0 helmet
rElec    .         Harm     .   (no cloak)
rCorr    .         Rampage  .   (no gloves)
Will     .....                  (no boots)
Stlth    +.........             (no amulet)
HPRegen  0.07/turn              (no ring)
MPRegen  0.08/turn              (no ring)

@: no status effects
A: powered by pain 1
a: no special abilities


You escaped.
You visited 1 branch of the dungeon, and saw 1 of its levels.

You collected 11 gold pieces.


Innate Abilities, Weirdness & Mutations

You sometimes gain a little power by taking damage.


   Skills:
 - Level 2.0 Fighting
 - Level 2.6 Staves
 - Level 1.7 Throwing
 + Level 1.0 Armour
 + Level 3.0 Dodging


You had one spell level left.
You didn't know any spells.
Your spell library was empty.

Inventory:

Hand Weapons
 a - a +0 quarterstaff (weapon)
Missiles
 d - 3 throwing nets (quivered) {=f=f}
Armour
 b - a +0 leather armour (worn)
 c - a +0 helmet (worn)
Scrolls
 f - a scroll of random uselessness {unknown}
 g - a scroll of magic mapping {unknown}
Potions
 e - a potion of degeneration {unknown}

Dungeon Overview and Level Annotations

Branches:
Dungeon (1/15)

Altars:

## ###############
#Q#p#M#m#p#V#H####
###############..#
..............'.@#
###############..#
#x#9#g#f#6#T#n####
###############


There were no monsters in sight!


Message History

You see here a hunting sling.
Things that are here:
a +0 short sword; a kobold corpse You see here a stone.
There is an open door here.
The ogre shouts!
The felid hisses angrily.
The orc shouts!
The elf shouts!
The centaur shouts!
The naga shouts!
The spriggan shouts!
The demigod shouts!
The kobold shouts!
The tengu shouts!
The merfolk shouts!
The vine stalker shouts!
The halfling shouts!
The demonspawn shouts!
The troll shouts!
The minotaur bellows!
There is an open door here.
There is a staircase leading out of the dungeon here.
Are you sure you want to leave the Dungeon?
This will make you lose the game!
Alright, then stay!
Unknown command.
Unknown command.
There is an open door here.
There is an open door here.
There is a staircase leading out of the dungeon here.
Are you sure you want to leave the Dungeon?
This will make you lose the game!
Alright, then stay!
Unknown command.
Are you sure you want to leave the Dungeon?
This will make you lose the game!
You have escaped!

Skill      XL: |  1 |
---------------+----+-----
Armour         | 1 |  1.0
Dodging        | 3 |  3.0
Fighting       | |  2.0
Staves         | |  2.6
Throwing       | |  1.7

Action                   || total
-------------------------++-------
Melee: Quarterstaff      ||    24
Armor: Leather armour    ||     7
Dodge: Dodged            ||    17

Levels and vault maps discovered:
D:1:      kb_arrival_jail, layout_basic, minmay_close_crescents

Notes
Turn   | Place    | Note
-------+----------+-------------------------------------------
     0 | D:1      | Dracia the Demonspawn Gladiator began the quest for the
                  | Orb.
     0 | D:1      | Reached XP level 1. HP: 16/16 MP: 1/1
     2 | D:1      | Noticed a minotaur
     2 | D:1      | Noticed a ghoul
     4 | D:1      | Noticed a vampire
     4 | D:1      | Noticed a troll
     6 | D:1      | Noticed a halfling
     6 | D:1      | Noticed a demonspawn
     8 | D:1      | Noticed a merfolk
     8 | D:1      | Noticed a vine stalker
    10 | D:1      | Noticed a dwarf
    12 | D:1      | Noticed a human
    12 | D:1      | Noticed a gargoyle
    14 | D:1      | Noticed a tengu
    14 | D:1      | Noticed an octopode
    16 | D:1      | Noticed a demigod
    18 | D:1      | Noticed a formicid
    20 | D:1      | Noticed a naga
    20 | D:1      | Noticed a spriggan
    22 | D:1      | Noticed an elf
    22 | D:1      | Noticed a centaur
    24 | D:1      | Noticed a felid
    26 | D:1      | Noticed an ogre
    26 | D:1      | Noticed a draconian
   236 | D:1      | Reached skill level 1 in Armour
   236 | D:1      | Reached skill level 3 in Dodging
   236 | D:1      | Gained mutation: You sometimes gain a little power by
                  | taking damage. [demonic ancestry]
   236 | D:1      | Reached XP level 2. HP: 22/22 MP: 2/2
   297 | D:$      | Got out of the dungeon alive.

Vanquished Creatures
  A bat (D:1)
  A giant cockroach (D:1)
  A hobgoblin (D:1)
  2 kobolds (D:1)
  A goblin (D:1)
  A rat (D:1)
7 creatures vanquished.

Table legend: (Time is in decaauts)
 A = Elapsed time spent in this place.
 B = Non-inter-level travel time spent in this place.
 C = Inter-level travel time spent in this place.
 D = Time resting spent in this place.
 E = Time spent auto-exploring this place.
 F = Levels seen in this place.
 G = Mean time per level.
                   A        B        C        D        E       F      G
               +--------+--------+--------+--------+--------+-----+--------+
         Total |    300 |    253 |     47 |      0 |    191 |   1 |  300.0 |
       Dungeon |    300 |    253 |     47 |      0 |    191 |   1 |  300.0 |
               +--------+--------+--------+--------+--------+-----+--------+

Top non-repeatable levels by time:
     D:1: 300 daAuts

Table legend:
 A = Non-vault XP
 B = Vault XP
 C = Vault XP percentage of total XP
 D = Non-vault monster count
 E = Vault monster count
 F = Vault count percentage of total count
                 A         B        C        D         E       F
            +---------+---------+-------+---------+---------+-------
      Total |       8 |       4 |  33.3 |       5 |       2 |  28.6
            +---------+---------+-------+---------+---------+-------
        D:1 |       8 |       4 |  33.3 |       5 |       2 |  28.6
            +---------+---------+-------+---------+---------+-------
